 Dungeon Crawl Stone Soup version 0.29.1-15-g9cfb28693d (webtiles) character file.

Game seed: 13908980062075164836

3 croobank the Sneak (level 1, -7/16 HPs)
             Began as an Octopode Delver on Mar 11, 2023.
             Mangled by a gnoll
             ... wielding a +0 halberd
              (13 damage)
             ... on level 4 of the Dungeon.
             The game lasted 00:01:26 (338 turns).

croobank the Sneak (Octopode Delver)                 Turns: 338, Time: 00:01:26

Health: -7/16      AC:  1    Str: 11    XL:     1   Next: 50%
Magic:  1/1        EV: 13    Int: 12    God:
Gold:   3          SH:  0    Dex: 13    Spells: 0/0 levels left

rFire   . . .      SeeInvis .   a - +0 hand axe
rCold   . . .      Faith    .   (no shield)
rNeg    . . .      Spirit   .   (helmet restricted)
rPois   .          Reflect  .   (no amulet)
rElec   .          Harm     .   (no ring)
rCorr   .          Rampage  .   (no ring)
Will    .....                   (no ring)
Stlth   ++++......              (no ring)
HPRegen 0.05/turn               (no ring)
MPRegen 0.07/turn               (no ring)
                                (no ring)
                                (no ring)

@: no status effects
A: almost no armour, amphibious, 8 rings, camouflage 1, gelatinous body 1,
(nimble swimmer 1), tentacles
a: no special abilities


You were on level 4 of the Dungeon.
You visited 1 branch of the dungeon, and saw 3 of its levels.

You collected 3 gold pieces.

Inventory:

Hand Weapons
 a - a +0 hand axe (weapon)
Missiles
 g - 6 boomerangs (quivered)
 h - 5 javelins
 j - a throwing net
Wands
 f - a wand of digging (3)
Scrolls
 b - a scroll of fog
 c - a scroll of magic mapping
 d - a scroll of fear
Potions
 e - a potion of haste
 i - 2 potions of lignification {unknown}


   Skills:
 + Level 3.0 Fighting
 + Level 2.0 Axes
 + Level 2.0 Dodging
 + Level 6.6 Stealth


You couldn't memorise any spells.
You didn't know any spells.
Your spell library was empty.

Dungeon Overview and Level Annotations

Branches:
Dungeon (6/15)
 Temple: D:4-7

Altars:

Shops:
D:6 !


Innate Abilities, Weirdness & Mutations

You cannot wear most types of armour.
You are amphibious.
You can wear up to eight rings at the same time.
Your skin changes colour to match your surroundings (Stealth+).
Your rubbery body absorbs attacks. (AC +1, EV +1)
((You are camouflaged when in or above water. (Stealth+)))
You have tentacles for arms and can constrict up to eight enemies at once.


Message History

There is a stone staircase leading up here.
You climb upwards.
There is a stone staircase leading down here.
The helpless ball python fails to defend itself.
You hit the ball python. Your grab misses the ball python.
The ball python is heavily wounded.
The ball python bites you. The ball python closely misses you.
The ball python bites you but does no damage.
The ball python grabs you. The ball python constricts you.
You closely miss the ball python. Your grab misses the ball python.
The ball python is heavily wounded.
The ball python misses you. The ball python constricts you.
You closely miss the ball python. Your grab misses the ball python.
You squeeze the ball python.
The ball python is severely wounded.
The ball python bites you. The ball python constricts you.
You hit the ball python.
You kill the ball python!
No target in view!
HP restored.
Found 5 javelins.
You see here 5 javelins.
h - 5 javelins
i - 2 sedimented sapphire potions A water moccasin comes into view.
Found a throwing net.
j - a throwing net A gnoll comes into view.
It is wielding a +0 halberd.
A gnoll comes into view. It is wielding a +0 whip.
A gnoll comes into view. It is wielding a +0 club.
The gnoll barely misses you.
You closely miss the gnoll. You grab the gnoll. You squeeze the gnoll.
The gnoll is moderately wounded.
You constrict the gnoll.
The gnoll shouts!
The gnoll hits you with a +0 halberd!
Ouch! That really hurt!
The gnoll hits you with a +0 halberd!
Ouch! That really hurt!
You die...

#################
#........@g..g..g
########.###############
.........# ########.#
..# #.# #.######.##
#.........# ######....#
######.#..##########


You could see 3 gnolls.

Vanquished Creatures
  An orc (D:5)
  A ball python (D:4)
2 creatures vanquished.

Notes
Turn   | Place    | Note
-------+----------+-------------------------------------------
     0 | D:5      | croobank the Octopode Delver began the quest for the Orb.
     0 | D:5      | Reached XP level 1. HP: 16/16 MP: 1/1
     5 | D:6      | Noticed an ice beast
    14 | D:6      | Found Emarhami's Distillery.
    15 | D:6      | Noticed an iguana
    33 | D:6      | Noticed a bullfrog
   132 | D:5      | Noticed an ogre
   296 | D:4      | Noticed a water moccasin
   338 | D:4      | Mangled by a gnoll

Illustrated notes

Levels and vault maps discovered:
D:4:      layout_loops_ring, mainiacjoe_overflow_cross_hatched,
          trog_antimagical, temple_hall
D:5:      layout_rooms, nicolae_sif_muna_little_library, uniq_eustachio,
          uniq_crazy_yiuf_cottage, uniq_edmund, uniq_duvessa, uniq_menkaure
D:6:      layout_rooms, mainiacjoe_overflow_six_doors_small,
          fedhas_ov_isle_minmay, serial_shops, shop, serial_bayou_crossing,
          uniq_blork_the_orc

Action                   || total
-------------------------++-------
Melee: Hand axe          ||     8
       Constrict         ||     2
       Tentacles         ||     2
Throw: Boomerang         ||     2
 Stab: Sleeping          ||     1
Armor: Skin              ||     1
Dodge: Dodged            ||     5
